 Dungeon Crawl Stone Soup version 0.23-a0-141-g456867d (webtiles) character file.

3544 galech the Fighter (level 9, -3/97 HPs)
             Began as a Troll Monk on Aug 31, 2018.
             Was a High Priest of Okawaru.
             Shot with an arrow by a centaur (10 damage)
             ... on level 8 of the Dungeon.
             The game lasted 00:07:51 (6168 turns).

galech the Fighter (Troll Monk)                     Turns: 6168, Time: 00:07:52

Health: -3/97      AC:  6    Str: 24    XL:     9   Next: 83%
Magic:  8/8        EV: 16    Int:  6    God:    Okawaru [*****.]
Gold:   431        SH:  0    Dex: 19    Spells: 8/8 levels left

rFire    . . .     SeeInvis .     - Unarmed
rCold    . . .     Gourm    +   (no shield)
rNeg     . . .     Faith    .   D - +1 robe of Siwuatt {Dex+7}
rPois    .         Spirit   .   (helmet restricted)
rElec    .         Reflect  .   (no cloak)
rCorr    .         Harm     .   (gloves unavailable)
MR       .....                  (boots unavailable)
Stlth    ++........             C - amulet of regeneration
HPRegen  1.06/turn              f - +2 ring of evasion
MPRegen  0.11/turn              (no ring)

@: no status effects
A: large, unfitting armour, claws 3, fast metabolism 3, gourmand, regeneration
1, shaggy fur 1, tough skin 2
a: Heroism, Finesse, Renounce Religion


You were on level 8 of the Dungeon.
You worshipped Okawaru.
Okawaru was extremely pleased with you.
You were completely stuffed.

You visited 2 branches of the dungeon, and saw 9 of its levels.

You collected 431 gold pieces.

Inventory:

Armour
 w - a +2 robe of fire resistance
 D - the +1 robe of Siwuatt (worn) {Dex+7}
   (You found it on level 8 of the Dungeon)

   It affects your dexterity (+7).
Jewellery
 f - a +2 ring of evasion (left claw)
 B - the amulet of the Monkey's Uncle {RegenMP rPois Int+4}
   (You found it on level 7 of the Dungeon)

   [amulet of magic regeneration]

   It increases your magic regeneration.
   It affects your intelligence (+4).
   It protects you from poison.
 C - an amulet of regeneration (around neck)
Wands
 y - a wand of polymorph (11)
 z - a wand of acid (7)
Scrolls
 a - a scroll of random uselessness {unknown}
 c - 3 scrolls of remove curse {unknown}
 d - 7 scrolls of teleportation {unknown}
 e - 9 scrolls of identify {unknown}
 g - a scroll of fear {unknown}
 j - 2 scrolls of immolation {unknown}
 k - a scroll of enchant weapon {unknown}
 n - a scroll of enchant armour {unknown}
 r - a scroll of noise {unknown}
 s - 2 scrolls of fog {unknown}
 v - a scroll of summoning {unknown}
Potions
 h - 3 potions of agility {unknown}
 i - 2 potions of brilliance {unknown}
 l - 2 potions of mutation {unknown}
 m - 3 potions of heal wounds {unknown}
 o - 3 potions of lignification {unknown}
 p - 2 potions of haste {unknown}
 q - a potion of ambrosia {unknown}
 t - a potion of invisibility {unknown}
 u - 3 potions of curing {unknown}
 A - 2 potions of flight {unknown}
Comestibles
 b - 18 rations
 x - 7 chunks of flesh


   Skills:
 * Level 8.8 Fighting
 + Level 6.4 Dodging
 - Level 1.0 Stealth
 + Level 7.7 Unarmed Combat


You had 8 spell levels left.
You didn't know any spells.
Your spell library contained the following spells:

 Spells                   Type           Power        Failure   Level  Hunger
 Corona                   Hex            #......      45%         1    ##.....
 Ensorcelled Hibernation  Hex/Ice        #.....       58%         2    ###....
 Confuse                  Hex            #.......     83%         3    ####...
 Dazzling Spray           Conj/Hex       #.....       83%         3    ####...
 Tukima's Dance           Hex            #.......     83%         3    ####...


Dungeon Overview and Level Annotations

Branches:
Dungeon (8/15)             Temple (1/1) D:4
   Lair: D:8-11

Altars:
Cheibriados
Dithmenos
Elyvilon
Fedhas
Gozag
Hepliaklqana
Kikubaaqudgha
Okawaru
Ru
Uskayaw
Vehumet
Xom
Yredelemnul
The Shining One

Shops:
D:3 *   D:8 }


Innate Abilities, Weirdness & Mutations

You are too large for most types of armour.
You have claws for hands.
Your metabolism is lightning-fast.
You like to eat raw meat.
Your natural rate of healing is unusually fast.
You are covered in fur. (AC +1)
You have very tough skin. (AC +2)


Message History

You see here 3 arrows.
The centaur shoots an arrow.
The arrow hits you.
The centaur shoots an arrow.
The arrow hits you.
Found a scale mail.
You see here 2 arrows.
The centaur shoots an arrow.
The arrow barely misses you.
The shadow imp disappears for a moment.
The centaur shoots an arrow.
The arrow hits you!
* * * LOW HITPOINT WARNING * * *
The centaur shoots an arrow.
The arrow hits you!
* * * LOW HITPOINT WARNING * * *
You see here 2 arrows.
The centaur shouts!
The centaur wields a shortbow.
The centaur shoots an arrow.
The arrow hits you!
* * * LOW HITPOINT WARNING * * *
The centaur shoots an arrow.
The arrow closely misses you.
The centaur shoots an arrow.
The arrow hits you.
* * * LOW HITPOINT WARNING * * *
The centaur shoots an arrow.
The arrow hits you!
You die...

#.# ##≈≈≈≈≈...≈≈≈≈≈...######
#### #.#
#≈≈≈≈cc..≈≈≈≈≈......... ...#
#.# #≈≈≈≈≈≈≈≈≈≈≈≈≈..<......
##.# #.#
#≈≈≈≈≈≈≈≈≈≈≈≈≈.(....... #.#
#.# #≈≈≈≈≈≈≈≈≈≈≈≈≈.#.######
#># #.#
#≈≈≈c≈≈≈≈≈≈≈≈≈##.#### #.#
#.####≈≈≈≈≈≈≈≈≈≈≈≈≈#.....###
#(#
#.(((((.((((#c.###.#........
##.#############@.5#
#.#.....### #...# #.###
#.....# ....# #.[ #.....#
#...# #### ###.#.# ##.##
#.#.# ##.# #.# # ##.######
#######.# ........#
#.......# ##.####.#
#.#######


You could see 4 centaurs and a shadow imp.

Vanquished Creatures
  A two-headed ogre (D:8)
  Grinder (D:4)
  Sigmund (D:6)
  2 ice beasts
  A black bear (D:7)
  A sky beast (D:8)
  A necrophage (D:7)
  6 ogres
  3 centaurs
  A crocodile (D:7)
  2 bullfrogs (D:6)
  A wyvern zombie (D:8)
  4 scorpions
  2 howler monkeys (D:8)
  6 hounds
  A bullfrog skeleton (D:6)
  A jelly (D:7)
  3 orc wizards (D:8)
  Jessica (D:2)
  3 iguanas
  5 worker ants
  Terence (D:2)
  A killer bee zombie (D:6)
  A hound skeleton (D:5)
  9 adders
  4 gnolls (D:5)
  2 shadow imps
  2 worms
  8 dart slugs
  6 leopard geckos
  13 orcs
  7 bats
  3 giant cockroaches
  7 goblins
  8 hobgoblins
  4 jackals (D:7)
  7 kobolds
  2 quokkas
  2 ball pythons
  4 frilled lizards
  A leopard gecko skeleton (D:4)
  9 rats
148 creatures vanquished.

Notes
Turn   | Place    | Note
-------+----------+-------------------------------------------
     0 | D:1      | galech the Troll Monk began the quest for the Orb.
     0 | D:1      | Reached XP level 1. HP: 22/22 MP: 0/0
    56 | D:1      | Reached XP level 2. HP: 28/29 MP: 1/1
   276 | D:1      | Reached XP level 3. HP: 36/36 MP: 2/2
   284 | D:1      | Reached skill level 3 in Fighting
   868 | D:2      | Found a hazy altar of Hepliaklqana.
   942 | D:2      | Noticed Terence
   949 | D:2      | Killed Terence
   949 | D:2      | Reached XP level 4. HP: 45/45 MP: 3/3
  1276 | D:2      | Noticed Jessica
  1280 | D:2      | Killed Jessica
  1469 | D:3      | Found an opulent altar of Gozag.
  1474 | D:3      | Found Gozag's Platinum Reserve.
  1539 | D:3      | Noticed an ogre
  1552 | D:3      | Killed an ogre
  1552 | D:3      | Reached skill level 4 in Fighting
  1552 | D:3      | Reached XP level 5. HP: 39/54 MP: 4/4
  1571 | D:3      | Found a basalt altar of Yredelemnul.
  2494 | D:4      | Found a white marble altar of Elyvilon.
  2499 | D:4      | Reached XP level 6. HP: 59/62 MP: 5/5
  2614 | D:4      | Noticed Grinder
  2625 | D:4      | Paralysed by Grinder for 6 turns
  2638 | D:4      | Killed Grinder
  2638 | D:4      | Reached skill level 5 in Fighting
  2638 | D:4      | Reached XP level 7. HP: 30/72 MP: 6/6
  2658 | D:4      | Found a staircase to the Ecumenical Temple.
  2672 | Temple   | Entered the Ecumenical Temple
  2700 | Temple   | Became a worshipper of Warmaster Okawaru
  2700 | Temple   | Reached * piety under Okawaru
  2700 | Temple   | Reached ** piety under Okawaru
  3177 | D:5      | Entered Level 5 of the Dungeon
  3307 | D:5      | Found a snail-covered altar of Cheibriados.
  3702 | D:5      | Reached skill level 5 in Unarmed Combat
  3705 | D:5      | Found a blossoming altar of Fedhas.
  4027 | D:6      | Found a hide-covered altar of Uskayaw.
  4188 | D:6      | Reached skill level 6 in Fighting
  4188 | D:6      | Reached XP level 8. HP: 59/83 MP: 7/7
  4314 | D:6      | Noticed Sigmund
  4330 | D:6      | Killed Sigmund
  4330 | D:6      | Reached *** piety under Okawaru
  4555 | D:6      | Reached skill level 5 in Dodging
  4899 | D:7      | Reached skill level 7 in Fighting
  5048 | D:7      | Got an ancient bronze amulet
  5049 | D:7      | Identified the amulet of the Monkey's Uncle {RegenMP rPois
                  | Int+4} (You found it on level 7 of the Dungeon)
  5115 | D:7      | Reached XP level 9. HP: 84/93 MP: 8/8
  5165 | D:7      | Reached **** piety under Okawaru
  5226 | D:7      | Found a basalt altar of Yredelemnul.
  5642 | D:8      | Got a fabulously ornate robe
  5653 | D:8      | Identified the +1 robe of Siwuatt {Dex+7} (You found it on
                  | level 8 of the Dungeon)
  5763 | D:8      | Noticed a two-headed ogre
  5778 | D:8      | Killed a two-headed ogre
  5778 | D:8      | Reached skill level 8 in Fighting
  5937 | D:8      | Reached ***** piety under Okawaru
  5961 | D:8      | Found Jihowo's Gadget Shoppe.
  6168 | D:8      | Shot with an arrow by a centaur

Vault maps used:
D:1:      nzn_arrival_water_spiral, nrook_mini_backslash
D:2:      old_standard_altar, uniq_terence, uniq_jessica
D:3:      nicolae_gozag_zags_fifth_avenue, yredelemnul_altar_generic,
          first_ration
D:4:      lemuel_crystal_altar, minmay_temple_entry_glassed_door, uniq_grinder
D:5:      lemuel_round_altar, fedhas_altar_1
D:6:      old_standard_altar, uniq_sigmund
D:7:      basic_altar, grunt_ogre_cave
D:8:      nicolae_whirlpool, serial_shops, shop
Temple:   nicolae_temple_hex_pool

Skill      XL: |  1  2  3  4  5  6  7  8  9 |
---------------+----------------------------+-----
Fighting       | 3 4 5 6 7 8 |  8.8
Dodging        | 3 4 5 6 |  6.4
Unarmed Combat | 4 5 6 7 |  7.7
Stealth        | |  1.0

Action                   |  1- 3 |  4- 6 |  7- 9 || total
-------------------------+-------+-------+-------++-------
Melee: Unarmed           |    70 |   116 |   270 ||   456
       Punch             |     1 |       |     9 ||    10
Invok: Heroism           |       |       |     1 ||     1
 Stab: Sleeping          |     6 |     5 |     2 ||    13
  Eat: Chunk             |     9 |    20 |    33 ||    62
Armor: Robe              |    22 |    28 |    72 ||   122
Dodge: Dodged            |    35 |    53 |   181 ||   269

Table legend:
 A = Non-vault XP
 B = Vault XP
 C = Vault XP percentage of total XP
 D = Non-vault monster count
 E = Vault monster count
 F = Vault count percentage of total count
                 A         B        C        D         E       F
            +---------+---------+-------+---------+---------+-------
      Total |    4392 |     672 |  13.3 |     143 |       5 |   3.4
            +---------+---------+-------+---------+---------+-------
        D:1 |      54 |       0 |   0.0 |      25 |       0 |   0.0
        D:2 |      40 |      69 |  63.3 |      13 |       2 |  13.3
        D:3 |     173 |       0 |   0.0 |      23 |       0 |   0.0
        D:4 |     171 |     267 |  61.0 |      18 |       1 |   5.3
        D:5 |     260 |       0 |   0.0 |      13 |       0 |   0.0
        D:6 |     788 |     220 |  21.8 |      12 |       1 |   7.7
        D:7 |    1259 |     116 |   8.4 |      22 |       1 |   4.3
        D:8 |    1647 |       0 |   0.0 |      17 |       0 |   0.0
            +---------+---------+-------+---------+---------+-------
